 Dungeon Crawl Stone Soup version 0.31-a0-4-gefa6de2278 (webtiles) character file.

Game seed: 17916905579164298289

96 subawu the Chopper (level 4, -2/41 HPs)
             Began as a Hill Orc Monk on May 4, 2023.
             Slain by a gnoll
             ... wielding a +0 club
              (4 damage)
             ... on level 3 of the Dungeon.
             The game lasted 00:14:14 (3272 turns).

subawu the Chopper (Hill Orc Monk)                  Turns: 3272, Time: 00:14:16

Health: -2/41      AC:  3    Str: 13    XL:     4   Next: 67%
Magic:  4/4        EV: 12    Int: 12    God:
Gold:   156        SH:  0    Dex: 13    Spells: 3/3 levels left

rFire   + . .        l - +1 flail
rCold   + . .        d - orb {light}
rNeg    . . .        e - +0 leather armour
rPois   +            (no helmet)
rElec   +            (no cloak)
rCorr   +            (no gloves)
SInv    .            (no boots)
Will    .....        (no amulet)
Stlth   +            (no ring)
HPRegen 0.26/turn    (no ring)
MPRegen 0.09/turn

%: no passive effects
@: resistant, glowing
A: no striking features
a: no special abilities


You were on level 3 of the Dungeon.
You visited 1 branch of the dungeon, and saw 3 of its levels.

You collected 156 gold pieces.

Inventory:

Hand Weapons
 a - a +0 hand axe
 h - a +0 club
 j - a +0 short sword
 l - a +1 flail (weapon)
Missiles
 k - 2 throwing nets
 m - 2 javelins
 o - 7 stones
Armour
 b - a +0 robe
 d - an orb of light (worn)
 e - a +0 leather armour (worn)
 i - an orb of energy
Scrolls
 f - a scroll of identify
Potions
 c - a potion of ambrosia
 g - a potion of brilliance {unknown}
 n - a potion of might (quivered) {unknown}
 q - 2 potions of lignification {unknown}


   Skills:
 + Level 4.4 Fighting
 + Level 5.4(5.5) Axes
 + Level 0.3(2.7) Maces & Flails
 + Level 1.8 Armour
 + Level 2.6 Dodging


You had 3 spell levels left.
You didn't know any spells.
Your spell library was empty.

Dungeon Overview and Level Annotations

Branches:
Dungeon (3/15)

Altars:
Ru


Message History

n - a red potion You now have 156 gold pieces (gained 13). 3 gnolls come into view.
The gnoll shouts! x3
A gnoll comes into view. It is wielding a +0 club.
The gnoll shouts!
The gnoll hits you with a +0 halberd!
You hit the gnoll.
The gnoll is lightly wounded.
You hit the gnoll.
The gnoll is moderately wounded.
The gnoll hits you with a +0 halberd.
You thump the gnoll!
You kill the gnoll!
You completely miss the gnoll.
The gnoll is lightly wounded.
The gnoll hits you but does no damage. The gnoll hits you with a +0 club.
The gnoll hits you with a +0 halberd. The gnoll hits you with a +0 club.
You completely miss the gnoll.
The gnoll is lightly wounded.
The gnoll misses you. The gnoll closely misses you.
You hit the gnoll but do no damage.
The gnoll is lightly wounded.
The gnoll hits you with a +0 halberd.
* * * LOW HITPOINT WARNING * * *
The gnoll hits you with a +0 club.
* * * LOW HITPOINT WARNING * * *
You hit the gnoll.
The gnoll is moderately wounded.
The gnoll barely misses you. The gnoll hits you with a +0 club.
* * * LOW HITPOINT WARNING * * *
The gnoll completely misses you. The gnoll hits you with a +0 club.
* * * LOW HITPOINT WARNING * * *
You hit the gnoll.
The gnoll is almost dead.
The gnoll closely misses you. The gnoll hits you with a +0 club.
* * * LOW HITPOINT WARNING * * *
You feel protected. The gnoll closely misses you.
The gnoll hits you with a +0 club.
You die...

#..............
...
##..##...#####.
....
+#..+.........
....#
##.#...####..
#...# +#......+
#.. #....#
##...#...# #..
#.....###....#####
#.. #...ggg#.....#
. #@......#
#....^..#
#.......#
#.......#
#........#
#........#
###.####... ..#
.## ##


You could see 3 gnolls.

Vanquished Creatures
  4 gnolls
  2 adders (D:2)
  A dart slug (D:2)
  3 ball pythons
  A bat (D:2)
  6 endoplasms
  A giant cockroach (D:1)
  4 goblins
  A hobgoblin (D:1)
  4 jackals (D:1)
  3 kobolds (D:1)
  A quokka (D:1)
  3 frilled lizards
  3 rats
37 creatures vanquished.

Notes
Turn   | Place    | Note
-------+----------+-------------------------------------------
     0 | D:1      | subawu the Hill Orc Monk began the quest for the Orb.
     0 | D:1      | Reached XP level 1. HP: 19/19 MP: 1/1
   430 | D:1      | Reached XP level 2. HP: 27/27 MP: 2/2
  1161 | D:1      | Reached XP level 3. HP: 28/33 MP: 3/3
  1429 | D:2      | Found a sacrificial altar of Ru.
  1526 | D:2      | Reached skill level 5 in Axes
  1532 | D:2      | Reached skill level 1 in Armour
  1532 | D:2      | Reached XP level 4. HP: 15/40 MP: 4/4
  3271 | D:3      | HP: 2/41 [gnoll/+0 club (2)]
  3272 | D:3      | Slain by a gnoll

Illustrated notes

Levels and vault maps discovered:
D:1:      mrwooster_arrival_statue_3, layout_loops_ring, serial_aquarium,
          aquarium_bridge_long_joined [aquarium_subvault_window,
          aquarium_subvault_window, aquarium_subvault_wall,
          aquarium_subvault_balcony, aquarium_subvault_bridge,
          aquarium_subvault_balcony], aquarium_bridge_straight
          [aquarium_subvault_bridge, aquarium_subvault_wall,
          aquarium_subvault_bridge, aquarium_subvault_window],
          aquarium_window_corridor_3, aquarium_window_1, aquarium_window_fake,
          aquarium_window_1, aquarium_view_2c, minmay_misc_feat_tiny,
          chequers_serial_rivers_small_3, grunt_decor_one_mirror
D:2:      layout_basic, basic_altar, lightli_corner_chamber
D:3:      layout_basic, marbit_many_paths, nemelex_diamond_rough_becter,
          amethyst_killhole

Skill      XL: |  1  2  3 |
---------------+----------+-----
Fighting       | 4 |  4.4
Axes           | 5 |  5.4
Armour         | 1 |  1.8
Maces & Flails | |  0.3
Dodging        | |  2.6

Action                     |  1- 3 |  4- 6 || total
---------------------------+-------+-------++-------
  Melee: Hand axe          |    73 |       ||    73
         Flail             |       |    30 ||    30
    Use: Scroll            |       |     5 ||     5
         Potion            |       |     1 ||     1
 Armour: Leather armour    |    17 |     7 ||    24
  Dodge: Dodged            |    68 |    21 ||    89

Table legend: (Time is in decaauts)
 A = Elapsed time spent in this place.
 B = Non-inter-level travel time spent in this place.
 C = Inter-level travel time spent in this place.
 D = Time resting spent in this place.
 E = Time spent auto-exploring this place.
 F = Levels seen in this place.
 G = Mean time per level.
                   A        B        C        D        E       F      G
               +--------+--------+--------+--------+--------+-----+--------+
         Total |   3292 |   2827 |    465 |    354 |      0 |   3 | 1097.3 |
       Dungeon |   3292 |   2827 |    465 |    354 |      0 |   3 | 1097.3 |
               +--------+--------+--------+--------+--------+-----+--------+

Top non-repeatable levels by time:
     D:2: 1802 daAuts
     D:1: 1405 daAuts
     D:3: 84 daAuts
